 Dungeon Crawl Stone Soup version 0.24.0-13-gcf9b319 (webtiles) character file.

Game seed: 6359087969112505748, levelgen mode: deterministic

530 Bronimir the Poker (level 7, -5/56 HPs)
             Began as a Centaur Warper on Mar 30, 2020.
             Was a Believer of Makhleb.
             Killed by nerve-wracking pain
             ... invoked by an orc priest
              (10 damage)
             ... on level 5 of the Dungeon.
             The game lasted 00:09:09 (4012 turns).

Bronimir the Poker (Centaur Warper)                 Turns: 4012, Time: 00:09:09

Health: -5/56      AC:  5    Str: 20    XL:     7   Next: 3%
Magic:  6/10       EV: 10    Int: 12    God:    Makhleb [**....]
Gold:   167        SH:  0    Dex:  9    Spells: 2/10 levels left

rFire    . . .     SeeInvis .   b - +0 hand crossbow
rCold    . . .     Gourm    .   (no shield)
rNeg     . . .     Faith    .   k - +1 leather armour {rPois}
rPois    +         Spirit   .   (no helmet)
rElec    .         Reflect  .   (no cloak)
rCorr    .         Harm     .   (no gloves)
MR       .....                  (no barding)
Stlth    ..........             (no amulet)
HPRegen  0.18/turn              (no ring)
MPRegen  0.12/turn              (no ring)

@: mighty, very slightly contaminated, very quick
A: large, hooves 3, deformed body, speed 2, tough skin 3
a: Minor Destruction, Renounce Religion


You were on level 5 of the Dungeon.
You worshipped Makhleb.
Makhleb was pleased with you.
You were not hungry.

You visited 1 branch of the dungeon, and saw 5 of its levels.
You also visited: Sewer.

You collected 167 gold pieces.

Inventory:

Hand Weapons
 a - a +0 spear
 b - a +0 hand crossbow (weapon)
 x - a +0 hunting sling
 y - a +0 great mace of holy wrath
Missiles
 c - 174 stones
 e - 10 boomerangs of dispersal
 h - 43 sling bullets
 n - 20 arrows
 s - 15 bolts (quivered)
 w - 3 poisoned darts
Armour
 k - a +1 leather armour of poison resistance (worn)
 r - a +0 ring mail
Magical Staves
 B - an uncursed staff of air
Jewellery
 D - a +3 ring of evasion {unknown}
Wands
 A - a wand of random effects (17)
Scrolls
 d - a scroll of blinking
 g - 7 scrolls of teleportation {unknown}
 i - a scroll of immolation {unknown}
 j - 3 scrolls of fog {unknown}
 m - 3 scrolls of identify {unknown}
 o - 3 scrolls of magic mapping {unknown}
 q - a scroll of remove curse {unknown}
 z - a scroll of fear {unknown}
Potions
 l - 2 potions of ambrosia {unknown}
 p - a potion of magic {unknown}
 t - 2 potions of might
 u - 2 potions of curing
 v - 2 potions of brilliance {unknown}
 C - 3 potions of haste {unknown}
Comestibles
 f - 12 rations
 E - a chunk of flesh


   Skills:
 + Level 2.8 Fighting
 * Level 3.5 Polearms
 + Level 1.4(1.6) Slings
 + Level 2.5 Crossbows
 + Level 1.1(1.4) Throwing
 * Level 2.2 Armour
 * Level 2.1 Dodging
 * Level 2.4 Spellcasting
 * Level 3.2 Translocations
 * Level 2.0 Invocations


You had 2 spell levels left.
You knew the following spells:

 Your Spells              Type           Power        Failure   Level  Hunger
a - Blink                 Tloc           N/A          12%         2    ###....
b - Shroud of Golubria    Chrm/Tloc      #.....       24%         2    ###....
c - Teleport Other        Tloc           #.......     24%         3    ####...
d - Flame Tongue          Conj/Fire      #....        30%         1    ##.....

Your spell library contained the following spells:

 Spells                   Type           Power        Failure   Level  Hunger
 Throw Flame              Conj/Fire      #.....       41%         2    ###....
 Gell's Gravitas          Tloc           #.........   24%         3    ####...
 Lesser Beckoning         Tloc           #.........   24%         3    ####...
 Passage of Golubria      Tloc           N/A          61%         4    #####..
 Conjure Flame            Conj/Fire      #.......     65%         3    ####...
 Inner Flame              Hex/Fire       #.......     65%         3    ####...
 Sticky Flame             Conj/Fire      #.......     96%         4    #####..
 Fireball                 Conj/Fire      #.........   100%        5    ######.


Dungeon Overview and Level Annotations

Branches:
Dungeon (6/15)              Sewer (visited)
 Temple: D:4-7

Altars:
Makhleb
Trog
Vehumet

Shops:
D:5 [


Innate Abilities, Weirdness & Mutations

You have hooves in place of feet.
Armour fits poorly on your strangely shaped body.
You cover ground very quickly.
You have extremely tough skin. (AC +3)


Message History

You feel very mighty all of a sudden. The orc priest misses you.
The adder bites you but does no damage.
Firing (i - inventory. (/) - cycle)
s - 16 bolts (quivered)
Press: ? - help, Shift-Dir - straight line, f/p - adder
Aim: an adder (severely wounded)
You shoot a bolt. The bolt hits the adder.
You kill the adder!
Makhleb accepts your kill.
You can now harness Makhleb's destructive might.
Your Invocations skill increases to level 2!
An orc comes into view. It is wielding a +0 hand axe.
The orc priest hits you from afar with a +0 trident.
* * * LOW HITPOINT WARNING * * *
The hound completely misses you.
You see here 2 bolts.
It was a potion of curing.
You feel better. The hound bites you.
* * * LOW HITPOINT WARNING * * *
The orc priest calls down the wrath of Beogh upon you.
Pain shoots through your body!
You die...

#......# #.##.#.#
#.# #..###.#
#.##.#.# #.# #.
#..# #.##.#.###.#
... #.##
#..........# ..#
#.# #.##.#.#####
. #.# #........
.#.###(###
###.#####
..!.o..(h.#####.#
#.#
....##.o.@.((...#
#.# .#
#.?#.####### #.#
#..#.# #.###
#..#.# #...#
..(#.# ###.#
###.#.# #.# #.#.#
#.# #.# #.# #.#


You could see a hound, an orc priest and an orc.

Vanquished Creatures
  An ogre (D:5)
  2 big kobolds (Sewer)
  A howler monkey (D:5)
  A crimson imp (D:5)
  A hound (D:5)
  A bullfrog skeleton (D:5)
  6 adders
  A river rat (Sewer)
  2 shadow imps
  2 worms (Sewer)
  3 dart slugs
  5 leopard geckos
  4 bats
  8 giant cockroaches
  2 goblins
  7 hobgoblins
  14 jackals
  12 kobolds
  3 quokkas (D:2)
  3 ball pythons
  3 frilled lizards
  A quokka skeleton (D:5)
  6 rats
89 creatures vanquished.

Notes
Turn   | Place    | Note
-------+----------+-------------------------------------------
     0 | D:1      | Bronimir the Centaur Warper began the quest for the Orb.
     0 | D:1      | Reached XP level 1. HP: 17/17 MP: 3/3
   498 | D:1      | Reached XP level 2. HP: 22/24 MP: 4/4
   525 | D:1      | Learned a level 2 spell: Blink
   528 | D:1      | Learned a level 2 spell: Shroud of Golubria
  1196 | D:2      | Reached XP level 3. HP: 26/29 MP: 6/6
  1587 | D:2      | Reached skill level 1 in Armour
  1926 | D:2      | Found a bloodstained altar of Trog.
  1926 | D:2      | Found a radiant altar of Vehumet.
  1927 | D:2      | Found a burning altar of Makhleb.
  1932 | D:2      | Became a worshipper of Makhleb the Destroyer
  2124 | D:2      | Reached XP level 4. HP: 20/37 MP: 7/7
  2893 | D:3      | Learned a level 3 spell: Teleport Other
  2933 | D:3      | You fall into a shaft and drop 3 floors!
  2989 | D:6      | Reached * piety under Makhleb
  3043 | D:5      | Entered Level 5 of the Dungeon
  3046 | D:5      | Noticed an ogre
  3051 | D:5      | Killed an ogre
  3051 | D:5      | Reached skill level 1 in Slings
  3051 | D:5      | Reached skill level 1 in Invocations
  3051 | D:5      | Reached XP level 5. HP: 42/42 MP: 8/8
  3104 | D:5      | Reached skill level 1 in Crossbows
  3181 | D:5      | Found a glowing drain.
  3205 | D:5      | Reached XP level 6. HP: 41/50 MP: 9/9
  3207 | Sewer    | Entered a sewer
  3740 | Sewer    | Learned a level 1 spell: Flame Tongue
  3944 | D:5      | Found Xuffoczo's Armour Shop.
  4002 | D:5      | Reached XP level 7. HP: 24/56 MP: 10/10
  4010 | D:5      | Reached ** piety under Makhleb
  4012 | D:5      | Killed from afar by an orc priest

Levels and vault maps discovered:
D:1:      dpeg_arrival_tiny_d, layout_loops_ring, corexii_hall_statues_i
D:2:      layout_loops_cross, nicolae_overflow_hidden_temple,
          gammafunk_temple_overflow_forgotten, minmay_joined_circles
D:3:      layout_rooms, minmay_misc_feat_alley
D:5:      layout_loops_ring, portal_sewer_entry_f, serial_shops,
          kennysheep_mini, shop, shop, first_ration, eino_tiny_chamber
D:6:      layout_gridville, minmay_divided_ellipse, uniq_edmund, uniq_pikel

Skill      XL: |  1  2  3  4  5  6  7 |
---------------+----------------------+-----
Polearms       | 2 3 |  3.5
Spellcasting   | 2 |  2.4
Armour         | 1 2 |  2.2
Slings         | 1 |  1.4
Invocations    | 1 2 |  2.0
Crossbows      | 1 2 |  2.5
Dodging        | 2 |  2.1
Translocations | 3 |  3.2
Fighting       | |  2.8
Throwing       | |  1.1

Action                   |  1- 3 |  4- 6 |  7- 9 || total
-------------------------+-------+-------+-------++-------
Melee: Spear             |   171 |    71 |       ||   242
       Kick              |    21 |    12 |       ||    33
 Fire: Hunting sling     |     2 |    31 |       ||    33
       Hand crossbow     |       |    95 |     5 ||   100
 Cast: Shroud of Golubri |     3 |       |       ||     3
       Blink             |       |       |     1 ||     1
  Use: Potion            |       |       |     2 ||     2
  Eat: Chunk             |     3 |     6 |       ||     9
Armor: Leather armour    |    57 |    53 |     7 ||   117
Dodge: Dodged            |    92 |    60 |     7 ||   159
